 Dungeon Crawl Stone Soup version 0.31.0-4-g52a2dc7128 (console) character file.

Game seed: 7804528820628729458

54 AlterAsc the Slasher (level 3, 0/21 HPs)
             Began as a Tengu Gladiator on Jan 23, 2024.
             Slain by a gnoll
             ... wielding a +0 spear
              (4 damage)
             ... on level 2 of the Dungeon.
             The game lasted 00:02:21 (1315 turns).

AlterAsc the Slasher (Tengu Gladiator)              Turns: 1315, Time: 00:02:22

Health: 0/21       AC:  4    Str: 14    XL:     3   Next: 91%
Magic:  4/4        EV: 13    Int:  8    God:
Gold:   79         SH:  0    Dex: 17    Spells: 2/2 levels left

rFire   . . .        k - +2 dagger (vamp)
rCold   . . .        (no shield)
rNeg    . . .        b - +0 leather armour
rPois   .            c - +0 hat
rElec   .            h - +0 cloak
rCorr   .            (no gloves)
SInv    .            (boots unavailable)
Will    .....        (no amulet)
Stlth   +            (no ring)
HPRegen 0.23/turn    (no ring)
MPRegen 0.09/turn

%: acrobat
@: no status effects
A: beak, talons 3, acrobatic
a: no special abilities


You were on level 2 of the Dungeon.
You visited 1 branch of the dungeon, and saw 2 of its levels.

You collected 79 gold pieces.

Inventory:

Hand Weapons
 a - a +0 long sword
 k - a +2 vampiric dagger (weapon)
Missiles
 d - 3 throwing nets (quivered)
 e - a javelin
Armour
 b - a +0 leather armour (worn)
 c - a +0 hat (worn)
 h - a +0 cloak (worn)
Scrolls
 f - a scroll of butterflies {unknown}
 g - 3 scrolls of identify {unknown}
 i - a scroll of revelation {unknown}
 n - a scroll of teleportation {unknown}
 o - a scroll of amnesia {unknown}
Potions
 j - a potion of mutation {unknown}
 l - a potion of lignification {unknown}
 m - 2 potions of degeneration {unknown}
 p - a potion of might {unknown}


   Skills:
 - Level 2.0 Fighting
 + Level 5.2 Long Blades
 - Level 2.0 Throwing
 - Level 3.2 Dodging


You had 2 spell levels left.
You didn't know any spells.
Your spell library contained the following spells:

 Spells                   Type           Power      Damage    Failure   Level
 Call Imp                 Summ           0%         N/A       63%         2
 Sublimation of Blood     Necr           0%         N/A       63%         2
 Summon Hydra             Summ           0%         N/A       100%        7


Dungeon Overview and Level Annotations

Branches:
Dungeon (2/15)

Altars:


Innate Abilities, Weirdness & Mutations

You have a beak for a mouth.
You have claws for feet.
You can magically evade attacks while moving or waiting.


Message History

You hit the ribbon worm. You peck the ribbon worm.
The ribbon worm is moderately wounded.
The ribbon worm barely misses you.
You hit the ribbon worm. You claw the ribbon worm.
The ribbon worm is heavily wounded.
You hit the ribbon worm. You claw the ribbon worm.
You kill the ribbon worm!
Your Long Blades skill increases to level 5!
No target in view!
A gnoll comes into view. It is wielding a +0 spear. x2
The gnoll moves out of view.
A gnoll is nearby!
A gnoll comes into view. It is wielding a +0 spear.
The gnoll hits you from afar with a +0 spear!
The gnoll completely misses you.
You hit the gnoll.
You feel better.
You claw the gnoll.
The gnoll is moderately wounded.
The gnoll misses you.
You hit the gnoll.
You feel better.
You peck the gnoll, but do no damage.
The gnoll is heavily wounded.
The gnoll hits you but does no damage.
The gnoll throws a stone.
The stone closely misses you.
You hit the gnoll.
You feel better.
Your kick misses the gnoll.
The gnoll is heavily wounded.
You hit the gnoll. You claw the gnoll.
You kill the gnoll!
The gnoll hits you from afar with a +0 spear!
The gnoll hits you from afar with a +0 spear.
* * * LOW HITPOINT WARNING * * *
The gnoll hits you but does no damage.
Things that are here:
a +0 spear; a gnoll corpse You hit the gnoll.
The gnoll is moderately wounded.
The gnoll hits you from afar with a +0 spear.
* * * LOW HITPOINT WARNING * * *
The gnoll barely misses you.
You hit the gnoll.
You feel better.
You peck the gnoll.
The gnoll is severely wounded.
The gnoll barely misses you. The gnoll hits you with a +0 spear.
You die...

##.....## ###....#
##...## ....# ##'##
..P.. #.# #..P......#
#.#######.........#
#######.......#.......P.
....##...####...........
###.#...................
#.##...#.##.#...P.P...
###.###..#.##.g#.......#
...........##...@g..#
###.####......#######
....# ######## #####


You could see 2 gnolls.

Vanquished Creatures
  A gnoll (D:2)
  A ribbon worm (D:2)
  A dart slug (D:1)
  3 bats
  3 endoplasms
  2 giant cockroaches (D:2)
  5 goblins
  4 hobgoblins
  2 quokkas (D:1)
  7 ball pythons
  3 frilled lizards
  2 kobolds
  4 rats
38 creatures vanquished.

Notes
Turn   | Place    | Note
-------+----------+-------------------------------------------
     0 | D:1      | AlterAsc the Tengu Gladiator began the quest for the Orb.
     0 | D:1      | Reached XP level 1. HP: 12/12 MP: 2/2
   158 | D:1      | Reached XP level 2. HP: 17/17 MP: 3/3
   161 | D:1      | Reached skill level 4 in Long Blades
   466 | D:1      | Reached XP level 3. HP: 21/21 MP: 4/4
   658 | D:1      | Found a faded altar of an unknown god.
  1282 | D:2      | Reached skill level 5 in Long Blades
  1315 | D:2      | Slain by a gnoll

Illustrated notes

Levels and vault maps discovered:
D:1:      orjb1_lava_funnel, layout_loops_ring,
          shapermc_ecumenical_altar_hornbeckon
D:2:      layout_loops_corners, minmay_misc_feat_secret_circle,
          nicolae_grassy_gnolls

Skill      XL: |  1  2  3 |
---------------+----------+-----
Long Blades    | 4 5 |  5.2
Fighting       | |  2.0
Throwing       | |  2.0
Dodging        | |  3.2

Action                     || total
---------------------------++-------
  Melee: Long sword        ||    41
         Peck              ||     5
         Kick              ||    13
         Dagger            ||    33
   Stab: Sleeping          ||     3
 Armour: Leather armour    ||    22
  Dodge: Dodged            ||    44
